 Dungeon Crawl Stone Soup version 0.31-a0-1074-g0b22e4e0f1 (webtiles) character file.

Game seed: 2227212446759086000

33233 Smoke131 the Fighter (level 13, -1/148 HPs)
             Began as an Ogre Gladiator on Dec 3, 2023.
             Was a High Priest of Okawaru.
             Slain by a six-headed hydra (7 damage)
             ... on level 5 of the Lair of Beasts.
             The game lasted 01:01:18 (24494 turns).

Smoke131 the Fighter (Ogre Gladiator)              Turns: 24494, Time: 01:01:18

Health: -1/148     AC:  9    Str: 25    XL:     13   Next: 69%
Magic:  20/20      EV: 10    Int:  9    God:    Okawaru [*****.]
Gold:   2461       SH:  5    Dex: 10    Spells: 12/12 levels left

rFire   . . .        C - +2 trident (venom)
rCold   . . .        (no shield)
rNeg    . . .        e - +0 acid dragon scales
rPois   +            c - +1 hat
rElec   .            v - +0 cloak
rCorr   +            (gloves unavailable)
SInv    .            (boots unavailable)
Will    +....        s - amulet of reflection
Stlth   +            r - ring of poison resistance
HPRegen 0.44/turn    (no ring)
MPRegen 0.17/turn

%: reflection
@: hasted, very quick
A: large, unfitting armour, tough skin 1
a: Renounce Religion, Heroism, Finesse, Duel


You were on level 5 of the Lair of Beasts.
You worshipped Okawaru.
Okawaru was extremely pleased with you.
You visited 3 branches of the dungeon, and saw 16 of its levels.
You also visited: Ossuary.

You collected 2796 gold pieces.
You spent 335 gold pieces at shops.

Inventory:

Hand Weapons
 C - a +2 trident of venom (weapon)
Missiles
 b - 6 boomerangs
 d - 3 throwing nets
 i - 2 silver javelins
 j - 43 poisoned darts (quivered)
 m - 6 curare-tipped darts
 t - 3 datura-tipped darts
Armour
 c - a +1 hat (worn)
 e - +0 acid dragon scales (worn)
 v - a +0 cloak (worn)
Jewellery
 r - a ring of poison resistance (left hand)
 s - an amulet of reflection (around neck)
 x - a ring of willpower
 z - an amulet of magic regeneration
Wands
 h - a wand of flame (27)
 k - a wand of digging (6)
 w - a wand of acid (12)
 A - a wand of iceblast (15)
Scrolls
 a - 2 scrolls of enchant weapon
 o - a scroll of fog {unknown}
 y - a scroll of teleportation
 D - 2 scrolls of immolation
 E - 2 scrolls of identify
Potions
 f - a potion of magic
 g - 2 potions of curing
 l - a potion of lignification
 n - 6 potions of mutation
 p - 2 potions of ambrosia
 q - a potion of resistance {unknown}
 u - a potion of might {unknown}
 B - a potion of haste


   Skills:
 + Level 14.8 Fighting
 + Level 13.0 Polearms
 + Level 13.1 Throwing
 - Level 3.0 Dodging
 - Level 10.0 Invocations


You had 12 spell levels left.
You didn't know any spells.
Your spell library contained the following spells:

 Spells                   Type           Power      Damage    Failure   Level
 Apportation              Tloc           0%         N/A       45%         1
 Kiss of Death            Conj/Necr      0%         2d5       45%         1
 Necrotise                Necr           0%         1d4       45%         1
 Blink                    Tloc           0%         N/A       58%         2
 Lesser Beckoning         Tloc           0%         N/A       58%         2
 Sublimation of Blood     Necr           0%         N/A       58%         2
 Confusing Touch          Hex            0%         N/A       83%         3
 Gell's Gravitas          Tloc           0%         N/A       83%         3
 Teleport Other           Tloc           0%         N/A       83%         3
 Vampiric Draining        Necr           0%         2d6       83%         3
 Volatile Blastmotes      Fire/Tloc      0%         2d10      83%         3
 Dispel Undead            Necr           0%         3d6       99%         4
 Fulminant Prism          Conj/Hex       0%         3d5       99%         4
 Iskenderun's Mystic Bla  Conj/Tloc      0%         2d3       99%         4
 Manifold Assault         Tloc           0%         N/A       99%         4
 Petrify                  Tmut/Erth      0%         N/A       99%         4
 Agony                    Necr           0%         N/A       100%        5
 Irradiate                Conj/Tmut      0%         3d11      100%        5
 Borgnjor's Revivificati  Necr           0%         N/A       100%        8
 Death's Door             Necr           0%         N/A       100%        9
 Summon Small Mammal      Summ           Unusable   N/A       N/A         1
 Haunt                    Necr/Summ      Unusable   N/A       N/A         7

Dungeon Overview and Level Annotations

Branches:
Dungeon (10/15)            Temple (1/1) D:6            Lair (5/5) D:10
 Shoals (0/4) Lair:2       Spider (0/4) Lair:2        Slime (0/5) Lair:4
    Orc (0/2) D:9         Ossuary (visited)

Altars:
Ashenzari
Cheibriados
Dithmenos
Elyvilon
Fedhas
Gozag
Hepliaklqana
Kikubaaqudgha
Makhleb
Nemelex Xobeh
Okawaru
Qazlal
Ru
Sif Muna
Trog
Uskayaw
Vehumet
Wu Jian
Xom
Yredelemnul
Zin
The Shining One
Jiyva

Shops:
D:1 [*

Annotations:
D:10 exclusion: oklob plant


Innate Abilities, Weirdness & Mutations

You are too large for most types of armour.
You have tough skin. (AC +1)


Message History

You feel very sick.
The cane toad attacks as it pursues you!
The cane toad stings you!
You barely miss the komodo dragon.
The komodo dragon is almost dead.
You feel sick. The komodo dragon closely misses you. The cane toad stings you.
You hit the komodo dragon.
The komodo dragon looks as sick as possible!
The komodo dragon is almost dead.
You feel sick.
You kill the komodo dragon!
Okawaru accepts your kill. The cane toad stings you!
* * * LOW HITPOINT WARNING * * *
You feel yourself speed up.
You feel sick. The six-headed hydra bites you!
* * * LOW HITPOINT WARNING * * *
The six-headed hydra bites you but does no damage.
You block the six-headed hydra's attack.
The six-headed hydra bites you.
* * * LOW HITPOINT WARNING * * *
The six-headed hydra closely misses you.
The six-headed hydra bites you but does no damage.
The cane toad stings you but does no damage.
You feel sick.
You block the six-headed hydra's attack.
The six-headed hydra bites you!
* * * LOW HITPOINT WARNING * * *
The six-headed hydra closely misses you.
The six-headed hydra bites you!
* * * LOW HITPOINT WARNING * * *
The six-headed hydra completely misses you.
The six-headed hydra misses you.
The cane toad attacks as it pursues you!
The cane toad closely misses you.
You feel better.
You block the six-headed hydra's attack.
The six-headed hydra completely misses you.
The six-headed hydra closely misses you.
The six-headed hydra bites you!
You die...

##.......## #.........#
#........## ##.......#
##.......## #.........# ###
###.........##### ##
..รท##.P..........##.##.####.
................@......(....
.............).DF...........
............................
............................
#...............#.###.##....
.#P##P..........### ## # ###
##....<.......#
#...........## ##..........#


You could see a six-headed hydra and a cane toad.

Vanquished Creatures
  2 hydras
  A boulder beetle (Lair:3)
  A catoblepas (Lair:5)
  2 two-headed ogres
  Amaemon (Lair:1)
  A skyshark (Lair:3)
  Pikel (D:4)
  14 elephants
  3 black mambas
  An orange demon (Lair:1)
  A torpor snail (Lair:4)
  A gargoyle (D:9)
  2 unseen horrors
  4 cane toads
  A kobold demonologist (D:9)
  2 rime drakes
  3 komodo dragons
  A troll (D:10)
  2 hornets
  A polar bear (Lair:3)
  13 blink frogs
  Sigmund (D:2)
  A shadow (D:9)
  35 yaks
  9 wyverns
  7 basilisks
  2 redbacks (Lair:2)
  A steam dragon (D:8)
  9 water moccasins
  An acid dragon (D:10)
  6 orc warriors (D:9)
  3 black bears (D:10)
  An ogre (D:5)
  6 wolves
  A centaur (D:8)
  A phantom (D:4)
  6 kobold brigands
  16 bullfrogs
  4 scorpions
  3 gnoll sergeants
  4 water moccasin zombies (Ossuary)
  5 wights
  11 killer bees
  4 howler monkeys (D:7)
  6 crimson imps (D:8)
  Crazy Yiuf (D:3)
  9 jellies
  5 orc priests
  5 hounds
  A gnoll bouda (D:8)
  2 human skeletons (D:7)
  A sleepcap (D:5)
  Ijyb (D:4)
  3 iguanas
  9 orc wizards
  2 mummies (Ossuary)
  16 gnolls
  6 adders
  A shadow imp (D:8)
  6 white imps
  2 ufetubi (D:6)
  3 adder zombies (Ossuary)
  A worm (D:2)
  2 dart slugs
  44 orcs
  6 endoplasms
  9 giant cockroaches
  6 goblins
  9 hobgoblins
  3 jackals (D:4)
  4 quokkas
  9 ball pythons
  2 bats (D:3)
  8 frilled lizards
  3 gnoll zombies (Ossuary)
  4 hobgoblin zombies (Ossuary)
  26 kobolds
  3 kobold zombies (Ossuary)
  2 orc skeletons (D:7)
  9 orc zombies
  5 rats
429 creatures vanquished.

Notes
Turn   | Place    | Note
-------+----------+-------------------------------------------
     0 | D:1      | Smoke131 the Ogre Gladiator began the quest for the Orb.
     0 | D:1      | Reached XP level 1. HP: 22/22 MP: 1/1
    34 | D:1      | Reached skill level 3 in Fighting
    34 | D:1      | Reached XP level 2. HP: 7/31 MP: 2/2
   371 | D:1      | Found Dode's Assorted Antiques.
   437 | D:1      | Found Qyisiw's Armour Shoppe.
   448 | D:1      | Reached XP level 3. HP: 24/37 MP: 3/3
  1482 | D:2      | Reached XP level 4. HP: 47/48 MP: 4/4
  1669 | D:2      | Reached skill level 4 in Fighting
  1703 | D:2      | Noticed Sigmund
  2031 | D:2      | Killed Sigmund
  2032 | D:2      | Reached skill level 5 in Fighting
  2032 | D:2      | Reached XP level 5. HP: 57/57 MP: 5/5
  2032 | D:2      | Reached XP level 6. HP: 66/66 MP: 6/6
  2482 | D:3      | Found a runed translucent door.
  2483 | D:3      | Noticed Crazy Yiuf
  2634 | D:4      | Noticed Ijyb
  2642 | D:4      | Killed Ijyb
  2893 | D:4      | Reached skill level 5 in Polearms
  3067 | D:4      | Noticed Pikel
  3115 | D:4      | Killed Pikel
  3116 | D:4      | Reached skill level 5 in Throwing
  3116 | D:4      | Reached skill level 6 in Fighting
  3116 | D:4      | Reached XP level 7. HP: 76/76 MP: 7/7
  3116 | D:4      | Reached XP level 8. HP: 84/84 MP: 8/8
  3707 | D:5      | Entered Level 5 of the Dungeon
  3711 | D:5      | Noticed a hornet
  4154 | D:5      | Reached skill level 7 in Fighting
  4323 | D:5      | Found a white marble altar of Elyvilon.
  4954 | D:5      | Killed a hornet
  5200 | D:3      | Killed Crazy Yiuf
  5754 | D:6      | Reached skill level 8 in Fighting
  5784 | D:6      | Found a staircase to the Ecumenical Temple.
  5846 | D:6      | Reached XP level 9. HP: 96/96 MP: 9/9
  6988 | D:6      | Reached skill level 9 in Fighting
  7334 | Temple   | Entered the Ecumenical Temple
  7365 | Temple   | Became a worshipper of Warmaster Okawaru
  7477 | D:7      | Reached skill level 1 in Invocations
  7824 | D:7      | Found a sand-covered staircase.
  7832 | Ossuary  | Entered an ossuary
  8130 | D:7      | Identified a scroll of acquirement
  8130 | D:7      | Acquired 796 gold pieces
  8294 | D:7      | Reached * piety under Okawaru
  8725 | D:1      | Bought a twisted jasper amulet for 105 gold pieces
  8740 | D:1      | Bought a +2 robe of willpower for 230 gold pieces
  9007 | D:8      | Reached skill level 10 in Fighting
  9007 | D:8      | Reached XP level 10. HP: 97/110 MP: 12/12
 10560 | D:8      | Reached ** piety under Okawaru
 10587 | D:8      | HP: 2/110 [yak (11)]
 10591 | D:8      | Reached skill level 5 in Invocations
 10986 | D:8      | Acquired 1104 gold pieces
 11013 | D:9      | Noticed a two-headed ogre
 11039 | D:9      | Killed a two-headed ogre
 11371 | D:9      | Noticed a kobold demonologist
 11679 | D:9      | Noticed a rust devil
 11680 | D:9      | Killed a kobold demonologist
 11911 | D:9      | Noticed a gargoyle
 11920 | D:9      | Killed a gargoyle
 11920 | D:9      | Reached *** piety under Okawaru
 11921 | D:9      | Reached XP level 11. HP: 79/115 MP: 15/15
 12174 | D:9      | Reached skill level 10 in Polearms
 12348 | D:9      | Reached skill level 10 in Throwing
 12458 | D:9      | Found a staircase to the Orcish Mines.
 12792 | D:10     | Entered Level 10 of the Dungeon
 13585 | D:10     | Found a staircase to the Lair.
 14375 | D:10     | Reached **** piety under Okawaru
 14535 | D:10     | Noticed a two-headed ogre
 14544 | D:10     | Killed a two-headed ogre
 14605 | D:10     | Found a blossoming altar of Fedhas.
 14616 | D:10     | Noticed an oklob plant
 14786 | D:10     | Reached skill level 10 in Invocations
 15200 | Lair:1   | Entered Level 1 of the Lair of Beasts
 15269 | Lair:1   | Reached ***** piety under Okawaru
 16031 | Lair:1   | Reached skill level 11 in Fighting
 16031 | Lair:1   | Reached XP level 12. HP: 97/130 MP: 19/19
 16255 | Lair:1   | Received a gift from Okawaru
 16965 | Lair:1   | Noticed Amaemon
 17022 | Lair:1   | Killed Amaemon
 17352 | Lair:2   | Found a staircase to the Shoals.
 17865 | Lair:2   | Reached skill level 12 in Fighting
 18089 | Lair:2   | Found a hole to the Spider Nest.
 18510 | Lair:2   | Received a gift from Okawaru
 19201 | Lair:3   | Noticed a skyshark
 19201 | Lair:3   | Noticed a boulder beetle
 19613 | Lair:3   | HP: 4/133 [yak (13)]
 19867 | Lair:3   | Reached skill level 13 in Fighting
 20052 | Lair:3   | Killed a skyshark
 20079 | Lair:3   | Received a gift from Okawaru
 20370 | Lair:3   | HP: 3/136 [black mamba (6)]
 20377 | Lair:3   | Reached XP level 13. HP: 27/144 MP: 20/20
 21771 | Lair:3   | Reached skill level 14 in Fighting
 22041 | Lair:4   | Found a viscous altar of Jiyva.
 22041 | Lair:4   | Found a staircase to the Slime Pits.
 22812 | Lair:3   | Reached ****** piety under Okawaru
 22812 | Lair:3   | Received a gift from Okawaru
 23243 | Lair:4   | You fall into a shaft and drop 1 floor!
 23243 | Lair:5   | Entered Level 5 of the Lair of Beasts
 24493 | Lair:5   | HP: 1/148 [six-headed hydra (11)]
 24494 | Lair:5   | Slain by a six-headed hydra

Illustrated notes

Levels and vault maps discovered:
D:1:      sevenhm_arrival_forest_fort_small_4, layout_loops_ring, serial_shops,
          nicolae_shop_statue_plus, shop
D:2:      layout_basic, chequers_serial_rivers_marsh, uniq_sigmund
D:3:      minmay_evil_eye, layout_rooms, uniq_crazy_yiuf_cottage
D:4:      layout_basic, serial_library_regret_index_split_case, uniq_pikel,
          uniq_ijyb
D:5:      layout_cave_pools, nicolae_elyvilon_peaceful_grove,
          lexackson_kobold_supper
D:6:      layout_cave_pools, temple_pool_b, minivault_22,
          serial_library_hellmonk_room_b, minmay_crossroads
D:7:      layout_rooms, nicolae_ossuary_entry_catacombs,
          kennysheep_generic_room_11
D:8:      layout_basic, minmay_nine_imps
D:9:      layout_rooms, erik_orc_2, hangedman_corner_corridor
D:10:     layout_roguey, tgw_fedhas, minmay_lair_entry_grove
Temple:   mainiacjoe_temple_big_plus
Lair:1:   layout_roguey, lemuel_fruit_fields, uniq_amaemon
Lair:2:   layout_cellular_growth, elwin_shoals_entry_rocks,
          spider_nest_entry_funnel_web, lemuel_fruit_tree
Lair:3:   layout_cave_pods, gauntlet_entry_generic
Lair:4:   layout_cave_pods, nicolae_slime_entry_slimehenge,
          small_statue_intersection
Lair:5:   hellmonk_lair_end_abyssal_woods, layout_hall_layers

Skill      XL: |  1  2  3  4  5  6  7  8  9 10 11 12 13 |
---------------+----------------------------------------+-----
Fighting       | 3 5 6 8 10 11 13 14 | 14.8
Dodging        | 3 |  3.0
Throwing       | 3 5 7 8 9 10 12 13 | 13.1
Polearms       | 4 5 7 8 9 10 12 13 | 13.0
Invocations    | 3 6 10 | 10.0

Action                     |  1- 3 |  4- 6 |  7- 9 | 10-12 | 13-15 || total
---------------------------+-------+-------+-------+-------+-------++-------
  Melee: Trident           |    96 |   160 |   453 |   975 |   311 ||  1995
         Punch             |     1 |     1 |     5 |    20 |     8 ||    35
  Throw: Large rock        |     1 |     1 |     8 |     5 |       ||    15
         Dart              |       |    21 |    25 |   221 |    30 ||   297
         Throwing net      |       |       |       |     1 |       ||     1
         Boomerang         |       |       |       |    14 |    34 ||    48
 Invoke: Heroism           |       |       |       |     2 |       ||     2
         Finesse           |       |       |       |     1 |       ||     1
  Evoke: Wand              |       |       |       |     3 |       ||     3
    Use: Scroll            |       |     7 |    12 |     8 |       ||    27
         Potion            |       |       |     4 |    11 |     2 ||    17
 Armour: Robe              |    66 |   108 |   280 |       |       ||   454
         Steam dragon scal |       |       |       |   469 |       ||   469
         Acid dragon scale |       |       |       |   330 |   273 ||   603
  Dodge: Dodged            |    44 |   106 |   233 |   425 |   170 ||   978
  Block: Other             |       |       |       |    70 |    58 ||   128
         Reflection        |       |       |       |     1 |       ||     1

Table legend: (Time is in decaauts)
 A = Elapsed time spent in this place.
 B = Non-inter-level travel time spent in this place.
 C = Inter-level travel time spent in this place.
 D = Time resting spent in this place.
 E = Time spent auto-exploring this place.
 F = Levels seen in this place.
 G = Mean time per level.
                   A        B        C        D        E       F      G
               +--------+--------+--------+--------+--------+-----+--------+
         Total |  24116 |  22588 |   1528 |   5942 |  11105 |  17 | 1418.6 |
       Dungeon |  15023 |  13774 |   1249 |   4049 |   6195 |  10 | 1502.3 |
        Temple |     61 |      2 |     59 |      0 |      0 |   1 |   61.0 |
          Lair |   8743 |   8523 |    220 |   1799 |   4910 |   5 | 1748.6 |
       Ossuary |    288 |    288 |      0 |     94 |      0 |   1 |  288.0 |
               +--------+--------+--------+--------+--------+-----+--------+

Top non-repeatable levels by time:
  Lair:3: 3446 daAuts
     D:9: 2361 daAuts
     D:8: 2347 daAuts
    D:10: 1797 daAuts
  Lair:1: 1732 daAuts
     D:6: 1673 daAuts
  Lair:4: 1656 daAuts
     D:4: 1585 daAuts
     D:5: 1429 daAuts
  Lair:2: 1330 daAuts
     D:1: 1284 daAuts
     D:2: 1003 daAuts
     D:3: 900 daAuts
     D:7: 643 daAuts
  Lair:5: 577 daAuts
